 Dungeon Crawl Stone Soup version 0.22-a0-117-g314b907 (webtiles) character file.

93 Faca the Skirmisher (level 4, -6/31 HPs)
             Began as a Gargoyle Fighter on Jan 29, 2018.
             Killed by divine providence
             ... invoked by an orc priest
              (14 damage)
             ... on level 3 of the Dungeon.
             The game lasted 00:05:00 (2033 turns).

Faca the Skirmisher (Gargoyle Fighter)              Turns: 2033, Time: 00:05:00

Health: -6/31      AC: 13    Str: 19    XL:     4   Next: 61%
Magic:  4/4        EV:  5    Int:  9    God:
Gold:   102        SH:  9    Dex: 10    Spells: 3/3 levels left

rFire    . . .     SeeInvis .   a - +0 flail
rCold    . . .     Gourm    .   c - +0 shield
rNeg     + . .     Faith    .   h - +0 chain mail
rPois    ∞         Spirit   .   g - +0 helmet (curse)
rElec    +         Reflect  .   (no cloak)
rCorr    .         Harm     .   (no gloves)
MR       .....                  (no boots)
Stlth    ..........             (no amulet)
HPRegen  0.10/turn              (no ring)
MPRegen  0.09/turn              (no ring)

@: no status effects
A: negative energy resistance 1, electricity resistance, unbreathing,
petrification resistance, rot immunity, AC +3
a: no special abilities


You were on level 3 of the Dungeon.
You were not hungry.

You visited 1 branch of the dungeon, and saw 3 of its levels.

You collected 102 gold pieces.

Inventory:

Hand Weapons
 a - a +0 flail (weapon)
Armour
 c - a +0 shield (worn)
 g - a cursed +0 helmet (worn)
 h - a +0 chain mail (worn)
Scrolls
 b - a scroll of enchant armour {unknown}
 e - 2 scrolls of identify {unknown}
 j - a scroll of enchant weapon {unknown}
 l - a scroll of magic mapping {unknown}
Potions
 d - a potion of might
 f - a potion of curing {unknown}
 i - a potion of invisibility {unknown}
 k - a potion of mutation {unknown}


   Skills:
 * Level 5.1 Fighting
 + Level 3.0 Maces & Flails
 - Level 3.2 Armour
 - Level 3.2 Shields


You had 3 spell levels left.
You didn't know any spells.

Dungeon Overview and Level Annotations

Branches:
Dungeon (3/15)

Altars:


Innate Abilities, Weirdness & Mutations

You are resistant to torment.
Your stone body is resilient. (AC +3)
You are immune to poison.
You resist negative energy. (rN+)
You are resistant to electric shocks. (rElec)
You can survive without breathing.
You are immune to petrification.
You are immune to rotting.


Message History

The orc priest hits you but does no damage.
You hit the orc priest.
The orc priest is lightly wounded.
You block the orc's attack. The orc barely misses you.
The orc priest hits you with a club.
* * * LOW HITPOINT WARNING * * *
You sock the orc priest!
The orc priest is severely wounded.
The orc hits you but does no damage. x2
The orc priest hits you but does no damage.
The orc hits you but does no damage.
You hit the orc priest but do no damage.
The orc priest is severely wounded.
The orc hits you but does no damage. The orc priest barely misses you.
The orc hits you but does no damage. x2
You barely miss the orc priest.
The orc priest is severely wounded.
The orc priest invokes the aid of Beogh against you.
Beogh smites you!
You die...

.. #.# #.### #...#
###...###
##########.......#######
........o#.......†.<...#
.#.#####@#.......#####.#
#...oo......###
....###.###...# #. #.#
#.### #.# #.# #.# #+#
..# ###


You could see an orc priest and 2 orcs.

Vanquished Creatures
  3 adders (D:2)
  2 worms (D:2)
  2 dart slugs
  2 leopard geckos
  2 orcs (D:3)
  A ball python (D:1)
  4 giant cockroaches
  7 hobgoblins
  6 kobolds
  9 bats
  2 frilled lizards (D:1)
  5 goblins
  4 rats
49 creatures vanquished.

Notes
Turn   | Place    | Note
-------+----------+-------------------------------------------
     0 | D:1      | Faca the Gargoyle Fighter began the quest for the Orb.
     0 | D:1      | Reached XP level 1. HP: 14/14 MP: 1/1
   214 | D:1      | Reached XP level 2. HP: 20/20 MP: 2/2
   363 | D:1      | Reached skill level 4 in Fighting
   412 | D:1      | Reached XP level 3. HP: 24/24 MP: 3/3
   906 | D:2      | Reached XP level 4. HP: 24/30 MP: 4/4
  1188 | D:2      | Reached skill level 5 in Fighting
  2033 | D:3      | Killed from afar by an orc priest

Vault maps used:
D:1:      dpeg_arrival_windows_large_door
D:2:      serial_forest, infiniplex_forest_clump_long,
          infiniplex_forest_lined_ring, infiniplex_forest_fountain,
          infiniplex_forest_clump_long, infiniplex_forest_side_room,
          infiniplex_forest_straight_3, infiniplex_forest_lined_room_,
          infiniplex_forest_fountain, minmay_misc_feat_x, serial_bayou_crossing
D:3:      chequers_ecumenical_altar_island, first_ration,
          nicolae_ru_path_of_blood

Skill      XL: |  1  2  3  4 |
---------------+-------------+-----
Fighting       | 4 5 |  5.1
Maces & Flails | 3 |  3.0
Armour         | |  3.2
Shields        | |  3.2

Action                   |  1- 3 |  4- 6 || total
-------------------------+-------+-------++-------
Melee: Flail             |   155 |    59 ||   214
  Eat: Chunk             |       |     3 ||     3
       Ration            |       |     1 ||     1
Armor: Scale mail        |    53 |       ||    53
       Chain mail        |    85 |    52 ||   137
Dodge: Dodged            |    58 |    14 ||    72
Block: Shield            |   118 |    32 ||   150

Table legend:
 A = Spawn XP
 B = Non-spawn XP
 C = Spawn XP percentage of total XP
 D = Spawn monster count
 E = Non-spawn monster count
 F = Spawn count percentage of total count
 G = Total turns spent on level
                    A         B        C        D         E        F      G
               +---------+---------+-------+---------+---------+-------+---------
         Total |       0 |     133 |   0.0 |       0 |      49 |   0.0 |  2033
               +---------+---------+-------+---------+---------+-------+---------
           D:1 |       0 |      41 |   0.0 |       0 |      23 |   0.0 |   626
           D:2 |       0 |      85 |   0.0 |       0 |      23 |   0.0 |  1373
           D:3 |       0 |       7 |   0.0 |       0 |       3 |   0.0 |    34
               +---------+---------+-------+---------+---------+-------+---------
